 Dungeon Crawl Stone Soup version 0.20-a0-930-gbddf555 (webtiles) character file.

205 Leonis the Chopper (level 5, -6/47 HPs)
             Began as a Hill Orc Monk on Mar 28, 2017.
             Was a Believer of Beogh.
             Mangled by Edmund
             ... wielding a +0 flail of protection
              (7 damage)
             ... on level 4 of the Dungeon on Mar 29, 2017.
             The game lasted 00:20:34 (2783 turns).

Leonis the Chopper (Hill Orc Monk)                  Turns: 2783, Time: 00:20:34

Health: -6/47      AC:  8    Str: 15    XL:     5   Next: 83%
Magic:  5/5        EV: 11    Int: 10    God:    Beogh [**....]
Gold:   170        SH:  0    Dex: 13    Spells: 4/4 levels left

rFire    . . .     SeeInvis .   t - +0 battleaxe
rCold    . . .     Gourm    .   (shield currently unavailable)
rNeg     . . .     Faith    .   l - +0 ring mail
rPois    .         Spirit   .   n - +2 helmet
rElec    .         Reflect  .   (no cloak)
rCorr    .         Harm     .   (no gloves)
MR       .....                  (no boots)
Stlth    +.........             (no amulet)
Regen    0.2/turn               (no ring)
MPRegen  0.1/turn               (no ring)

@: no status effects
A: no striking features
a: Smiting, Renounce Religion


You were on level 4 of the Dungeon.
You worshipped Beogh.
Beogh was pleased with you.
You were very hungry.

You visited 1 branch of the dungeon, and saw 4 of its levels.

You collected 170 gold pieces.

Inventory:

Hand Weapons
 a - a +0 hand axe
 e - a +2 whip of pain
 r - a +0 blowgun
 t - a +0 battleaxe (weapon)
Missiles
 y - a tomahawk (quivered)
Armour
 b - a +0 scale mail
 h - a +0 buckler
 l - a +0 ring mail (worn)
 n - a +2 helmet (worn)
Scrolls
 d - 2 scrolls of noise {unknown}
 g - 4 scrolls of identify
 j - a scroll of enchant armour {unknown}
 k - a scroll of teleportation {unknown}
 m - 2 scrolls of remove curse {unknown}
 o - a scroll of fog {unknown}
 s - a scroll of fear {unknown}
Potions
 i - a potion of mutation {unknown}
 v - a potion of curing
Books
 p - a book of Misfortune

   Spells                             Type                      Level
   a - Confusing Touch                Hexes                        1
   b - Confuse                        Hexes                        3
   c - Gell's Gravitas                Translocation                3
   d - Petrify                        Transmutation/Earth          4
   e - Metabolic Englaciation         Hexes/Ice                    5
   f - Yara's Violent Unravelling     Hexes/Transmutation          5
Comestibles
 c - 5 bread rations
 f - 3 royal jellies
 q - 3 fruits
 u - a meat ration


   Skills:
 * Level 4.9 Fighting
 + Level 6.0 Axes
 + Level 2.1 Armour
 - Level 2.6 Dodging
 + Level 2.1 Stealth
 - Level 1.0 Shields


You had 4 spell levels left.
You didn't know any spells.

Dungeon Overview and Level Annotations

Branches:
Dungeon (4/15)
 Temple: D:4-7

Altars:
Uskayaw

Annotations:
D:4 Edmund


Message History

* * * LOW HITPOINT WARNING * * *
You miss Edmund.
Edmund is almost dead.
Edmund hits you with a flail of protection!
* * * LOW HITPOINT WARNING * * *
Edmund barely misses you.
You hit Edmund but do no damage.
Edmund is almost dead.
Edmund barely misses you.
You closely miss Edmund.
Edmund is almost dead.
Edmund hits you with a flail of protection.
* * * LOW HITPOINT WARNING * * *
You hit Edmund but do no damage.
Edmund is almost dead.
Edmund barely misses you.
You closely miss Edmund.
Edmund is almost dead.
Edmund hits you with a flail of protection!
You die...

### ..# ###.# ...# ###
###.##########.##
#..........##...###
#.#.######.#.......
.!(###.#.# ###.##...###
#((..@@.# #....#..#...
#.......# #...........
#####.#### #.8.......8.
... ..# #...........
##.##.# #.8.......8.
#....# #.....).....
####.###.8..._...8.
##.####...##....###....
.............+.........


You could see Edmund.

Vanquished Creatures
  A scorpion (D:4)
  A howler monkey (D:4)
  An orc priest (D:3)
  3 adders
  An adder skeleton (D:4)
  2 worms
  A dart slug (D:1)
  3 leopard geckos
  An orc (D:3)
  5 giant cockroaches
  5 goblins
  3 hobgoblins (D:1)
  11 bats
  6 frilled lizards
  12 kobolds
  A quokka zombie (D:4)
  7 rats
64 creatures vanquished.

Vanquished Creatures (others)
  2 orcs (D:3)
2 creatures vanquished.

Grand Total: 66 creatures vanquished

Notes
Turn   | Place    | Note
-------+----------+-------------------------------------------
     0 | D:1      | Leonis the Hill Orc Monk began the quest for the Orb.
     0 | D:1      | Reached XP level 1. HP: 19/19 MP: 1/1
   159 | D:1      | Reached XP level 2. HP: 26/27 MP: 2/2
   761 | D:1      | Reached XP level 3. HP: 33/33 MP: 3/3
   931 | D:2      | Upgraded the game from 0.20-a0-924-gfa95efa to 0.20-a0-927-g1ae2c61
  1133 | D:2      | Reached skill level 1 in Armour
  1601 | D:3      | Reached skill level 5 in Axes
  1601 | D:3      | Reached XP level 4. HP: 39/40 MP: 4/4
  1872 | D:3      | Became a worshipper of Beogh the Brigand
  1872 | D:3      | Reached * piety under Beogh
  1872 | D:3      | Reached ** piety under Beogh
  1880 | D:3      | Reached skill level 1 in Shields
  2468 | D:3      | Upgraded the game from 0.20-a0-927-g1ae2c61 to 0.20-a0-930-gbddf555
  2544 | D:4      | Reached XP level 5. HP: 33/47 MP: 5/5
  2714 | D:4      | Found a hide-covered altar of Uskayaw.
  2722 | D:4      | Reached skill level 6 in Axes
  2752 | D:4      | Noticed Edmund
  2781 | D:4      | HP: 1/47 [Edmund/flail of protection (3)]
  2783 | D:4      | Mangled by Edmund

Vault maps used:
D:1:      saegor_arrival_under_anarchy, minmay_fountain_box,
          serial_bayou_lagoon_b
D:3:      first_bread
D:4:      eat_drink_and_be_merry_uskayaw, makhleb_altar_promises_db,
          uniq_sigmund, uniq_edmund

Skill      XL: |  1  2  3  4  5 |
---------------+----------------+-----
Fighting       | 4 |  4.9
Armour         | 1 2 |  2.1
Axes           | 5 6 |  6.0
Shields        | 1 |  1.0
Stealth        | 2 |  2.1
Dodging        | |  2.6

Action                   |  1- 3 |  4- 6 || total
-------------------------+-------+-------++-------
Melee: Hand axe          |   132 |    53 ||   185
       Battleaxe         |       |    55 ||    55
Throw: Tomahawk          |       |     4 ||     4
Invok: Convert to Beogh  |       |     1 ||     1
  Use: Potion            |       |     3 ||     3
       Scroll            |       |     1 ||     1
 Stab: Sleeping          |     2 |       ||     2
  Eat: Chunk             |     2 |     3 ||     5
Armor: Robe              |    11 |       ||    11
       Ring mail         |    63 |    35 ||    98
Dodge: Dodged            |    67 |    50 ||   117
Block: Buckler           |    19 |     5 ||    24
